 Dungeon Crawl Stone Soup version 0.24-a0-230-g536ed4e (webtiles) character file.

Game seed: 16768840774874054355

7466 technobutter the Basher (level 11, -1/95 HPs)
             Began as a Hill Orc Fighter on Apr 2, 2019.
             Slain by a two-headed ogre
             ... wielding a +0 giant club
              (2 damage)
             ... on level 9 of the Dungeon.
             The game lasted 01:05:06 (14148 turns).

technobutter the Basher (Hill Orc Fighter)         Turns: 14148, Time: 01:05:06

Health: -1/95      AC: 11    Str: 21    XL:     11   Next: 15%
Magic:  12/12      EV: 10    Int:  8    God:
Gold:   218        SH: 11    Dex: 12    Spells: 10/10 levels left

rFire    + . .     SeeInvis +   s - +2 flail (crush)
rCold    + + .     Gourm    .   c - +0 shield
rNeg     . . .     Faith    .   q - +0 scale mail {rC+}
rPois    .         Spirit   .   m - +0 hat
rElec    .         Reflect  .   B - scarf {rC+ rF+}
rCorr    +         Harm     .   A - +0 pair of gloves
MR       .....                  D - +0 pair of boots
Stlth    ..........             (no amulet)
HPRegen  0.25/turn              I - ring of resist corrosion
MPRegen  0.13/turn              r - ring of see invisible

@: invisible
A: no striking features
a: no special abilities


You were on level 9 of the Dungeon.
You were not hungry.

You visited 1 branch of the dungeon, and saw 9 of its levels.
You also visited: Sewer.

You collected 494 gold pieces.
You spent 276 gold pieces at shops.

Inventory:

Hand Weapons
 s - a +2 flail of crushing (weapon)
Missiles
 l - 6 throwing nets (quivered)
 t - 7 javelins
 y - 10 tomahawks
 L - a large rock
Armour
 c - a +0 shield (worn)
 m - a +0 hat (worn)
 q - a +0 scale mail of cold resistance (worn)
 A - a +0 pair of gloves (worn)
 B - a scarf of resistance (worn)
 D - a +0 pair of boots (worn)
Magical Staves
 K - an uncursed staff of earth
Jewellery
 r - a ring of see invisible (right hand)
 I - a ring of resist corrosion (left hand)
Wands
 a - a wand of paralysis (12)
 C - a wand of enslavement (2)
 E - a wand of digging (6)
Scrolls
 g - a scroll of immolation
 h - 8 scrolls of remove curse
 i - 2 scrolls of amnesia
 j - 2 scrolls of enchant armour
 n - 4 scrolls of identify
 p - 3 scrolls of teleportation
 F - a scroll of fog {unknown}
 G - 2 scrolls of magic mapping {unknown}
Potions
 b - a potion of haste {unknown}
 d - 3 potions of might
 e - 5 potions of curing
 k - 4 potions of mutation
 o - a potion of lignification {unknown}
 u - 3 potions of agility
 v - 4 potions of flight
 x - 2 potions of brilliance {unknown}
Miscellaneous
 J - a lightning rod (3/4)
Comestibles
 f - 2 rations


   Skills:
 + Level 8.7 Fighting
 + Level 10.8 Maces & Flails
 + Level 9.5 Armour
 + Level 3.8 Dodging
 + Level 1.5 Stealth
 + Level 8.5 Shields
 + Level 1.3 Evocations


You had 10 spell levels left.
You didn't know any spells.
Your spell library contained the following spells:

 Spells                   Type           Power        Failure   Level  Hunger
 Shock                    Conj/Air       #...         93%         1    ##.....
 Swiftness                Chrm/Air       #.......     98%         2    ###....
 Static Discharge         Conj/Air       #.......     100%        3    ####...
 Airstrike                Air            #.........   100%        4    #####..
 Lightning Bolt           Conj/Air       #.........   100%        5    ######.


Dungeon Overview and Level Annotations

Branches:
Dungeon (9/15)             Temple (0/1) D:5
   Lair: D:8-11         Orc: D:9-12

Altars:
Makhleb
Wu Jian

Shops:
D:4 !   D:8 ((   D:9 *


Message History

You barely miss the two-headed ogre.
The two-headed ogre is severely wounded.
The two-headed ogre hits you with a +0 giant club!!
The two-headed ogre hits you with a +0 dire flail!
You hit the two-headed ogre.
The two-headed ogre is almost dead.
You barely miss the two-headed ogre.
The two-headed ogre is almost dead.
The two-headed ogre hits you with a +0 giant club.
The two-headed ogre hits you with a +0 dire flail.
* * * LOW HITPOINT WARNING * * *
You hit the two-headed ogre.
The two-headed ogre is almost dead.
The two-headed ogre hits you with a +0 giant club!!
* * * LOW HITPOINT WARNING * * *
You block the two-headed ogre's attack.
You fade into invisibility!
You block the two-headed ogre's attack.
The two-headed ogre hits you with a +0 dire flail.
You die...

......#..###..#
#.... y. #.......##
#..#... .. H.
###...#.# #.##.# .
#...#.##..##..# ..
#... #..####...# ..
#... #....(...#
#....#####.########
##
#.#................
.. .....>..@#..###
.. ........O# ....
## .........# ...
.......... .. ..#
......#.... .....#
....######## ....
.... ..# # #..
###.## .. .....#...


You could see a two-headed ogre.

Vanquished Creatures
  Harold (D:7)
  A two-headed ogre (D:9)
  A flayed ghost (D:9)
  A cyclops (D:9)
  Joseph (D:8)
  2 hippogriffs (D:9)
  5 yaks (D:9)
  2 orc warriors
  2 ice beasts
  7 sky beasts
  13 killer bees
  5 ogres
  3 centaurs
  Blork the orc (D:4)
  A big kobold (Sewer)
  2 scorpions
  A wight (D:9)
  A howler monkey (D:6)
  6 crimson imps
  5 hounds
  2 jellies (D:9)
  3 orc wizards
  A bullfrog skeleton (D:6)
  2 orc priests (D:8)
  A centaur skeleton (D:5)
  2 iguanas
  3 worker ants
  A killer bee zombie (D:4)
  2 hound zombies
  A hound skeleton (D:8)
  4 gnolls (D:3)
  2 howler monkey zombies
  3 river rats (Sewer)
  10 adders
  2 shadow imps
  An ooze (Sewer)
  An adder zombie (D:6)
  An adder skeleton (D:6)
  4 worms
  A dart slug (D:2)
  A leopard gecko (D:5)
  19 orcs
  6 giant cockroaches
  6 goblins
  6 hobgoblins
  A jackal (D:3)
  26 kobolds
  4 quokkas
  4 ball pythons
  11 bats
  15 frilled lizards
  A jackal skeleton (D:5)
  A quokka skeleton (D:7)
  27 rats
236 creatures vanquished.

Vanquished Creatures (collateral kills)
  4 killer bees
4 creatures vanquished.

Vanquished Creatures (others)
  2 killer bees
  2 plants (D:9)
4 creatures vanquished.

Grand Total: 244 creatures vanquished

Notes
Turn   | Place    | Note
-------+----------+-------------------------------------------
     0 | D:1      | technobutter the Hill Orc Fighter began the quest for the
                  | Orb.
     0 | D:1      | Reached XP level 1. HP: 19/19 MP: 1/1
   123 | D:1      | Reached XP level 2. HP: 18/27 MP: 2/2
   332 | D:2      | Reached XP level 3. HP: 26/33 MP: 3/3
   938 | D:2      | Reached XP level 4. HP: 40/40 MP: 4/4
  1772 | D:1      | Reached skill level 3 in Maces & Flails
  2052 | D:3      | Reached XP level 5. HP: 18/47 MP: 5/5
  3221 | D:4      | Reached skill level 4 in Maces & Flails
  3221 | D:4      | Reached XP level 6. HP: 53/53 MP: 6/6
  3243 | D:4      | Found Lorud's Distillery.
  3530 | D:4      | Reached skill level 1 in Dodging
  3724 | D:4      | Bought a potion of curing for 42 gold pieces
  3724 | D:4      | Bought a potion of curing for 42 gold pieces
  3809 | D:4      | Noticed Blork the orc
  3837 | D:4      | Killed Blork the orc
  3837 | D:4      | Reached skill level 5 in Armour
  4131 | D:4      | Reached skill level 5 in Maces & Flails
  4229 | D:5      | Entered Level 5 of the Dungeon
  4237 | D:5      | Reached skill level 5 in Fighting
  4237 | D:5      | Reached XP level 7. HP: 61/61 MP: 7/7
  4684 | D:5      | Reached skill level 6 in Maces & Flails
  4729 | D:5      | Found a staircase to the Ecumenical Temple.
  4763 | D:6      | Reached XP level 8. HP: 69/69 MP: 8/8
  4891 | D:6      | Found a glowing drain.
  4921 | Sewer    | Entered a sewer
  6089 | D:6      | Reached skill level 5 in Shields
  6546 | D:5      | Reached skill level 7 in Maces & Flails
  6805 | D:6      | Found an ornate altar of the Wu Jian Council.
  7165 | D:7      | Found a burning altar of Makhleb.
  7172 | D:7      | Reached XP level 9. HP: 78/78 MP: 9/9
  7415 | D:8      | Found Wipsidy's Weapon Shoppe.
  7415 | D:8      | Noticed Joseph
  7444 | D:8      | Killed Joseph
  7444 | D:8      | Reached skill level 8 in Maces & Flails
  8523 | D:7      | Noticed Harold
  8557 | D:7      | Killed Harold
  8557 | D:7      | Reached skill level 9 in Maces & Flails
  9001 | D:8      | Reached XP level 10. HP: 86/86 MP: 10/10
  9125 | D:8      | HP: 4/86 [poisoned by a killer bee]
  9131 | D:8      | HP: 3/86 [poisoned by a killer bee]
  9139 | D:8      | HP: 3/86 [poisoned by a killer bee]
  9147 | D:8      | HP: 3/86 [poisoned by a killer bee]
 10859 | D:8      | Found Puxed's Antique Weapon Boutique.
 11423 | D:9      | Noticed a cyclops
 11456 | D:9      | Killed a cyclops
 12050 | D:9      | Noticed a flayed ghost
 12068 | D:9      | HP: 2/88 [flayed ghost (7)]
 12075 | D:9      | Killed a flayed ghost
 12075 | D:9      | Reached skill level 10 in Maces & Flails
 12075 | D:9      | Reached skill level 1 in Stealth
 12144 | D:9      | Noticed a two-headed ogre
 12553 | D:9      | Noticed a two-headed ogre
 12583 | D:9      | HP: 4/88 [freezing wraith (8)]
 12992 | D:9      | Reached skill level 1 in Evocations
 13304 | D:9      | Reached XP level 11. HP: 19/95 MP: 11/11
 13514 | D:9      | Killed a two-headed ogre
 13804 | D:9      | Found Evevvire's Assorted Antiques.
 13950 | D:9      | Bought a potion of invisibility for 192 gold pieces
 14147 | D:9      | HP: 1/95 [two-headed ogre/+0 giant club (26)]
 14148 | D:9      | Slain by a two-headed ogre

Levels and vault maps discovered:
D:1:      grunt_arrival_lava_bath, layout_basic, chequers_serial_rivers_micro_b,
          item_on_display_a
D:2:      layout_basic
D:3:      layout_loops_ring, minmay_quantized
D:4:      layout_loops_ring, serial_shops, shop, uniq_blork_the_orc
D:5:      layout_rooms, minmay_temple_entry_mini_moons, first_ration
D:6:      layout_loops_ring, lemuel_crystal_altar, cheibrodos_sewer_entry_bend,
          grunt_ministairs_14
D:7:      layout_loops_ring, basic_altar, serial_aquarium,
          aquarium_bridge_square [aquarium_subvault_wall,
          aquarium_subvault_bridge, aquarium_subvault_window,
          aquarium_subvault_window], aquarium_window_3, aquarium_window_corner,
          aquarium_view_2b, aquarium_pool_side, uniq_harold
D:8:      layout_gridville, serial_shops, shop, nicolae_shop_overgrown_old_shop,
          uniq_joseph
D:9:      minmay_the_grid_3x3 [minmay_the_grid_aliased_spiral,
          minmay_the_grid_pillar_ring, minmay_the_grid_empty,
          minmay_the_grid_outer_circle, minmay_the_grid_eight,
          minmay_the_grid_x, minmay_the_grid_garden, minmay_the_grid_all_tris,
          minmay_the_grid_prize_four_corners_diamond_a], layout_cave_pools,
          serial_shops, shop, serial_co_window_serial,
          co_window_of_opportunity_a, co_window_paths_b, co_window_paths_a,
          co_window_paths_a, co_window_corner_a, co_window_paths_a,
          co_window_paths_b, co_window_of_opportunity_b, co_window_broadway_c,
          co_window_cross_4, co_window_unsneaky_path_c, glass_columns_a,
          glass_columns_a
Sewer:    sewer_minmay_treatment

Skill      XL: |  1  2  3  4  5  6  7  8  9 10 |
---------------+-------------------------------+-----
Fighting       | 4 5 6 7 8 |  8.7
Armour         | 4 5 6 7 9 |  9.5
Maces & Flails | 3 4 5 6 7 9 10 | 10.8
Shields        | 4 5 7 8 |  8.5
Dodging        | 1 2 3 |  3.8
Stealth        | 1 |  1.5
Evocations     | 1 |  1.3

Action                   |  1- 3 |  4- 6 |  7- 9 | 10-12 || total
-------------------------+-------+-------+-------+-------++-------
Melee: Flail             |   125 |   202 |   366 |   305 ||   998
Evoke: Wand              |       |       |       |    13 ||    13
       Lightning rod     |       |       |       |     1 ||     1
  Use: Scroll            |     5 |     4 |     8 |    11 ||    28
       Potion            |       |       |     2 |     8 ||    10
 Stab: Paralysed         |       |       |       |     2 ||     2
  Eat: Ration            |       |     4 |     4 |     5 ||    13
Armor: Scale mail        |    70 |    69 |   167 |    93 ||   399
Dodge: Dodged            |    59 |    61 |   136 |   151 ||   407
Block: Shield            |    94 |    94 |   260 |   202 ||   650

Table legend:
 A = Non-vault XP
 B = Vault XP
 C = Vault XP percentage of total XP
 D = Non-vault monster count
 E = Vault monster count
 F = Vault count percentage of total count
                 A         B        C        D         E       F
            +---------+---------+-------+---------+---------+-------
      Total |    5744 |    4923 |  46.2 |     170 |      70 |  29.2
            +---------+---------+-------+---------+---------+-------
        D:1 |      31 |       0 |   0.0 |      21 |       0 |   0.0
        D:2 |      76 |       0 |   0.0 |      27 |       0 |   0.0
        D:3 |     169 |      19 |  10.1 |      23 |       4 |  14.8
        D:4 |     218 |      96 |  30.6 |      10 |       1 |   9.1
        D:5 |    1043 |       0 |   0.0 |      23 |       0 |   0.0
        D:6 |     447 |      56 |  11.1 |       9 |       3 |  25.0
        D:7 |     739 |     997 |  57.4 |      14 |       1 |   6.7
        D:8 |    1087 |     455 |  29.5 |      21 |       1 |   4.5
        D:9 |    1934 |    3104 |  61.6 |      22 |      12 |  35.3
      Sewer |       0 |     196 | 100.0 |       0 |      48 | 100.0
            +---------+---------+-------+---------+---------+-------
